[Event "Champions Showdown Kings 2025"]
[Site "Saint Louis"]
[Date "2025.03.04"]
[Round "1.1"]
[White "Caruana, Fabiano"]
[Black "Nakamura, Hikaru"]
[Result "1/2-1/2"]
[Annotator "TA"]
[ECO "C60"]
[WhiteElo "2803"]
[BlackElo "2802"]
[PlyCount "134"]
[EventDate "2025.03.02"]
[EventType "swiss"]
[EventCountry "USA"]
[SourceTitle "playchess.com"]
[Source "ChessBase"]
[SourceQuality "1"]
[TimeControl "180+2"]

1. e4 e5 2. Nf3 Nc6 3. Bb5 Nge7 4. O-O Ng6 5. d4 exd4 6. Nxd4 {[%emt 0:00:01] C60: Ruy Lopez: Unusual Black 3rd moves and 3...g6.} Nxd4 (6... Bc5 $11 7. Nb3 Bb6) 7. Qxd4 $16 c6 8. Be2 {[%emt 0:00:02] White is slightly better.} Qb6 {[%emt 0:00:39][%csl Oc8] Black has a bad bishop} 9. Qc3 Qb4 10. Qd3 Qd6 11. Qb3 $146 ({Predecessor:} 11. f4 Qxd3 12. cxd3 Bc5+ 13. Kh1 f5 14. Nd2 O-O 15. Nb3 Bb6 16. exf5 Rxf5 17. g4 {½-½ Laurent Paoli,P (2537)-Romanov,E (2593) Rochefort op 22nd 2024 (5)}) 11... Be7 12. Be3 Nf4 13. Bf3 Qf6 14. Nd2 O-O 15. g3 Ne6 16. Bg2 Nc5 17. Qc4 b6 18. Qd4 Qg6 19. a4 f5 20. exf5 Qxf5 21. Rfe1 (21. a5 $14 {keeps the upper hand.} Ba6 22. Rfc1) 21... Bf6 $1 $17 22. Qb4 Qxc2 23. Qc4+ Qxc4 24. Nxc4 d5 25. Nd6 (25. Bxc5 $17 bxc5 26. Ne5) 25... Bd7 (25... Bxb2 26. Rab1 Bc3 (26... Nxa4 27. Rxb2 Nxb2 28. Bd4 $17) 27. Rec1 Nxa4 28. Nb5 $15) 26. Ra2 Nd3 27. Rd1 Nb4 28. Ra3 Nc2 (28... Bxb2 29. Rb3 Be5 30. Nc4 dxc4 31. Rxb4 $11) 29. Rb3 Nxe3 30. Rxe3 Rad8 (30... Bxb2 $142 31. h3 Bf6) 31. b4 (31. Rd2) 31... Bg4 $19 32. f3 Bh5 {[%emt 0:00:16] This pair of bishops is nice.} 33. Nf5 Rfe8 {[%emt 0:00:03] Repels Ne7+} 34. Rxe8+ Rxe8 (34... Bxe8 $19 {has better winning chances.} 35. f4 d4) 35. b5 (35. g4 $17 {was necessary.} Bg6 36. f4) 35... Bg6 (35... c5 $1 $19 {Threatens to win with ...Rd8.} 36. g4 Bg6 (36... Bf7 $2 37. f4 $19) 37. Rxd5 c4) 36. Nd6 $17 Re6 37. Nc8 d4 (37... cxb5 $17 38. axb5 d4) 38. f4 (38. Bh3 $1 $11 {keeps the balance.} Re3 (38... Re2 39. bxc6 Rc2 40. Nxa7 $11) 39. bxc6) 38... c5 (38... Bh5 $1 $17 39. Rd2 cxb5) 39. Bd5 $1 $15 {[%emt 0:00:00] [#]} (39. Nxa7 $2 Kf8 40. Bd5 Re8 $19) 39... Bf7 40. Bxe6 Bxe6 41. Nxa7 $11 {[%emt 0:00:02][%mdl 4096] Endgame KRN-KB} (41. Nd6 $1 $11 {was the only way to keep the balance.}) 41... c4 ({Better is} 41... Bb3 $17 42. Rf1 d3) 42. a5 d3 $1 $17 43. Nc6 (43. axb6 $2 Bd4+ 44. Kg2 Bd5+ 45. Kh3 Bxb6 $19) 43... c3 $1 {[%emt 0:00:02] ( -> ...c2)} 44. axb6 (44. Rxd3 $2 c2 45. axb6 c1=Q+ $19 (45... c1=B $2 46. b7 $18)) 44... c2 45. Rf1 {[%emt 0:00:02] aiming for b7.} (45. Rxd3 $2 c1=Q+ (45... c1=B $2 46. b7 $18) 46. Kf2 Qc2+ 47. Ke3 Bf5 $19 (47... Qxh2 $2 48. b7 $19)) 45... d2 $1 46. b7 d1=Q 47. b8=Q+ (47. b8=B Bc4 (47... c1=R $2 48. Rxd1 Rxd1+ 49. Kf2 $19) 48. h4 Qxf1+ (48... c1=R $2 49. Rxd1 Rxd1+ 50. Kg2 $19) 49. Kh2 Bd5 (49... c1=B 50. Nb4 Be3 51. h5 Qg1+ 52. Kh3 Be2 53. f5 Qh1#) (49... c1=Q 50. Ne7+ Bxe7 51. g4 Qh1+ 52. Kg3 Bxh4#)) 47... Kf7 48. Qc7+ {[%emt 0:00:02] [#]} Kg6 $1 {[%emt 0:00:01][%cal Od1f1] ( -> ...Qxf1+!)} 49. Ne5+ Bxe5 50. Qxe5 {[%emt 0:00:01] [#]} (50. fxe5 $2 {perishes.} Qd4+ 51. Rf2 Bc4 52. Qc6+ Kh5 53. Qf3+ Kh6 54. Qc6+ g6 $19) 50... Qxf1+ $3 51. Kxf1 c1=Q+ ({Worse is} 51... c1=B 52. Qxe6+ Kh5 53. Qf5+ g5 54. Qxg5#) 52. Kf2 Qd2+ 53. Kg1 Qd1+ 54. Kf2 Qc2+ 55. Ke3 Qb3+ 56. Kd4 Qb4+ 57. Ke3 Qb3+ 58. Kd4 $1 Qc4+ 59. Ke3 Bf5 {[%emt 0:00:08] Dodges Qe4} 60. g4 {[%emt 0:00:04] [#]} Qb3+ $2 (60... Qd3+ $1 $17 61. Kf2 Bd7 (61... Bxg4 62. Qg5+ Kf7 63. Qxg4 $11) 62. f5+ Kf7) 61. Kf2 $11 {[%emt 0:00:01] The position is equal.} Bd3 (61... Bxg4 $5 62. Qg5+ $8 Kf7 63. Qxg4 Qxb5 $17) 62. Qh5+ Kf6 63. Qe5+ Kf7 64. Qc7+ Ke6 65. Qe5+ Kf7 66. Qc7+ Ke6 67. Qe5+ Kf7 {[%emt 0:00:02] Whites escaped into a draw.   Weighted Error Value: White=0.24 (precise) /Black=0.25 (precise)   Mistake:       	White=7     	Black=8      Inaccurate:     	White=1     	Black=1      OK:         	White=14    	Black=21     Best:        	White=8     	Black=8      Strong:       	White=2     	Black=5      Brilliant:      	---       	Black=1} 1/2-1/2

[Event "Champions Showdown Kings 2025"]
[Site "Saint Louis"]
[Date "2025.03.05"]
[Round "1.1"]
[White "So, Wesley"]
[Black "Aronian, Levon"]
[Result "1/2-1/2"]
[Annotator "TA"]
[ECO "A45"]
[WhiteElo "2747"]
[BlackElo "2745"]
[PlyCount "123"]
[EventDate "2025.03.02"]
[EventType "swiss"]
[EventCountry "USA"]
[SourceTitle "playchess.com"]
[Source "ChessBase"]
[SourceQuality "1"]
[TimeControl "180+2"]

1. d4 Nf6 2. Bg5 Ne4 3. Bf4 c5 4. f3 Qa5+ 5. c3 Nf6 6. d5 e6 7. e4 exd5 8. exd5 d6 {[%emt 0:00:03] A45: Trompowsky Attack.} 9. Qd2 Be7 10. c4 Qd8 11. Nc3 O-O 12. g4 $5 {[%emt 0:00:23][%mdl 4] Exploring less charted territory. Inhibits Nh5.} Nfd7 $146 (12... Ne8 $14) (12... Re8 13. O-O-O a6 14. h4 b5 15. h5 b4 16. Nce2 Nfd7 17. Ng3 Ne5 18. Bxe5 dxe5 {½-½ Drnovsek,G (2371)-Fercec,N (2423) Nova Gorica op 25th 2020 (3)}) 13. O-O-O $16 {[%emt 0:00:06] White has more active pieces.} a6 {[%emt 0:00:03][%cal Ob7b5] [#]} 14. h4 $1 b5 {[%emt 0:00:01] White has space advantage and is better} (14... f6 15. Bd3) 15. Qc2 (15. cxb5 Nb6 $14) 15... Nb6 16. Bd3 $36 {[%emt 0:00:02][%mdl 2048] White has strong initiative.} (16. cxb5 axb5 17. Bxb5 Ba6 $11) 16... Kh8 {[%emt 0:00:25] [#]} (16... h6 $16) 17. Nh3 $1 $18 (17. cxb5 c4 18. Bf1 (18. Bxh7 axb5 19. Nxb5 Rxa2 $15) 18... axb5 19. Nxb5 Rxa2 20. Bxc4 (20. Kb1 $2 Ra5 $19) 20... Ra1+ 21. Kd2 Nxc4+ 22. Qxc4 Qa5+ 23. Nc3 Ba6 24. Rxa1 Qxa1 $17) 17... Nxc4 {[%emt 0:00:09] [#]} (17... N8d7 $16) 18. Ng5 $1 (18. Bxh7 $6 Nd7 $16) 18... g6 $2 {[%emt 0:00:11] [#]} (18... f5 {keeps fighting.} 19. gxf5 (19. Bxf5 Bxf5 20. gxf5 Nd7 $16) 19... Nxb2) 19. Nxh7 $1 Kxh7 20. h5 Kg7 21. hxg6 {[%emt 0:00:28] White threatens Rh7+ and mate.} Rh8 22. gxf7 Ne5 23. Kb1 Nbd7 24. Bf5 Nxf7 25. Be6 Nde5 26. Qf5 (26. Ne4 a5 27. Ng3 Bh4 $11) 26... Bxe6 $2 (26... Qf8 27. Ne4 Bxe6 28. dxe6 Nxf3) 27. dxe6 Qg8 (27... Qf8 $142 28. Nd5 (28. exf7 Qxf7 29. Bxe5+ dxe5 $18) 28... Nxf3 29. Rxh8 (29. exf7 Qxf7 30. Qe4 Rxh1 $18) 29... Nxh8) 28. exf7 $2 (28. Nd5 Ng6 29. Rxh8 (29. exf7 Qxf7 $18) (29. Qxg6+ Kxg6 30. Nxe7+ Kg7 $18) 29... Nfxh8 30. Bxd6) 28... Qxf7 29. Bxe5+ dxe5 {[%emt 0:00:00] Black is weak on the light squares} 30. Qxe5+ Qf6 31. Qe2 Rxh1 32. Rxh1 {[%emt 0:00:01][%cal Of3f4] f4! is the strong threat.} Rd8 (32... Rh8 $142 33. Rf1 Qg6+ 34. Ka1 Bf6) 33. Rd1 (33. f4 $18 {is more deadly.}) 33... Rxd1+ 34. Qxd1 $16 {[%emt 0:00:01][%mdl 4096] Endgame KQB-KQN. White is a pawn up.} c4 35. Nd5 Qg6+ 36. Qc2 Bd6 37. Qxg6+ Kxg6 {[%emt 0:00:01] KB-KN. White is a pawn up.} 38. f4 b4 39. b3 (39. Nb6 $16 Bxf4 40. Nxc4) 39... c3 $1 $11 {[%emt 0:00:01] The position is equal.} 40. Kc2 a5 41. Kd3 Bc5 42. Nc7 Bd6 43. Nd5 Bc5 44. a4 bxa3 {[%emt 0:00:03] Strongly threatening ...a2.} 45. Nxc3 (45. Kxc3 $2 {is the wrong capture.} Bd4+ 46. Kxd4 a2 $19) 45... Bd6 46. Ke4 Bb4 47. Na2 Bd6 48. Nc3 Bb4 49. Kd3 Bd6 50. Ke3 Bc5+ 51. Kf3 Bb4 52. Na2 Bc5 53. Ke4 Bd6 54. f5+ Kg5 55. Kd5 Be7 56. Ke6 Bf6 57. b4 axb4 58. Nxb4 Bc3 59. Na2 Bb2 60. Kd5 Kxg4 61. f6 Bxf6 62. Kc4 {[%emt 0:00:01] White really could win this.   Weighted Error Value: White=0.24 (precise) /Black=0.36  Missed win:     	White=1     	---        Mistake:       	White=2     	Black=7      Inaccurate:     	White=3     	---        OK:         	White=19    	Black=26     Best:        	White=2     	Black=1      Strong:       	White=2     	Black=1} 1/2-1/2

[Event "Champions Showdown Kings 2025"]
[Site "Saint Louis"]
[Date "2025.03.04"]
[Round "1.1"]
[White "Dominguez Perez, Leinier"]
[Black "Robson, Ray"]
[Result "1-0"]
[Annotator "TA"]
[ECO "B90"]
[WhiteElo "2741"]
[BlackElo "2689"]
[PlyCount "135"]
[EventDate "2025.03.02"]
[EventType "swiss"]
[EventCountry "USA"]
[SourceTitle "playchess.com"]
[Source "ChessBase"]
[SourceQuality "1"]
[TimeControl "180+2"]

1. e4 c5 2. Nf3 d6 3. d4 cxd4 4. Nxd4 Nf6 5. Nc3 a6 6. Be3 e5 7. Nf3 Be7 8. Bc4 Be6 9. Bb3 O-O 10. O-O b5 {[%emt 0:00:14] 10...Qc8 is becoming the main line. B90: Sicilian Najdorf: Unusual White 6th moves, 6 Be3 Ng4 and 6 Be3 e5.} 11. a4 {[%emt 0:00:08] [#]} Bxb3 12. cxb3 Nbd7 {[%emt 0:00:06] White has an edge.} 13. b4 bxa4 $146 (13... h6 14. Qd3 bxa4 15. Rxa4 Qb8 16. Rfa1 Qb7 17. h3 Rfb8 18. b5 axb5 19. Rxa8 Rxa8 20. Rxa8+ Qxa8 21. Qxb5 {½-½ Korneev,O (2459)-Galego,L (2458) POR-chT Soure 2024 (6.18)}) 14. Rxa4 Qc7 15. Qd3 Qb7 16. Rfa1 Rfd8 17. h3 {[%emt 0:00:23] White is more active.} (17. Rxa6 d5 18. Qb5 (18. exd5 e4 $17) (18. Nxd5 Nxd5 19. Rxa8 Rxa8 $17) 18... Qxb5 19. Nxb5 Rxa6 20. Rxa6 dxe4 $17 (20... Nxe4 21. Na7 $17)) (17. Nd2 $14) 17... Bf8 18. Nd2 d5 {[%emt 0:00:15] Dodges Nc4} 19. Nxd5 Nxd5 20. Qxd5 Qxd5 21. exd5 Rab8 {[%emt 0:00:05] Black is on the road to losing.} ({Black should play} 21... Rac8 $14) 22. Nc4 $16 Nf6 (22... f6 $16 23. d6 (23. Rxa6 Rxb4 24. Rc1 Nc5 $16) 23... Rdc8) 23. Nxe5 $18 {[%emt 0:00:04] Nc6 would now be deadly.} ({Weaker is} 23. Rxa6 Nxd5 24. Nxe5 Nxe3 25. fxe3 Rbc8 $14) 23... Rxd5 24. Nc6 Rc8 25. Rxa6 h6 26. Rc1 Re8 {[%emt 0:00:03] Dodges Ne7+} 27. Bd4 Nd7 (27... Re6 $142) 28. Ra5 Rd6 29. b5 Re4 30. Be3 Rd5 31. b6 Rxa5 32. Nxa5 Rxe3 33. fxe3 Nxb6 {[%emt 0:00:00][%mdl 4096] Endgame KRN-KBN} 34. Nc4 Nd5 35. Rd1 Nb4 36. Rd7 (36. Rd8 f6 37. b3 g6 $18) 36... Nc6 37. Rc7 Nb4 38. e4 g6 39. Kf2 Nd3+ 40. Ke3 Ne1 41. Kf2 Nd3+ 42. Kf3 Ne1+ 43. Kg3 h5 44. e5 Nd3 45. Rd7 Nc5 46. Rd8 Kg7 47. Kf3 Ne6 48. Rd7 Nc5 49. Ra7 Ne6 50. Nd6 Nd8 51. Rd7 Nc6 52. Nxf7 Be7 {[%emt 0:00:01] [#] Dodges Nd8} 53. Rxe7 $1 Nxe7 {[%emt 0:00:01] KN-KN. White is two pawns up.} 54. Nd6 Nc6 55. Ke4 h4 56. Nb5 Kf7 57. Nd4 Nb4 58. Nf3 Na6 59. Nxh4 Nc5+ 60. Kd5 Nd3 61. b3 g5 62. Nf3 Kg6 63. Kd6 (63. e6 $142 Nf4+ 64. Kd6 Nh5 65. b4 Ng7 66. b5 Ne8+ 67. Kc6 Ng7 68. e7) 63... Nf4 64. e6 {[%emt 0:00:02][%cal Be5e6,Be6e7][%mdl 32] White mates.} Kf6 65. e7 Kf7 66. Nxg5+ Ke8 67. Ne4 Nh5 68. g4 {[%emt 0:00:01] Weighted Error Value: White=0.18 (very precise) /Black=0.25 (precise)   Mistake:       	White=1     	Black=3      Inaccurate:     	---       	Black=3      OK:         	White=23    	Black=13} 1-0

[Event "Champions Showdown Kings 2025"]
[Site "Saint Louis"]
[Date "2025.03.04"]
[Round "1.2"]
[White "Caruana, Fabiano"]
[Black "Nakamura, Hikaru"]
[Result "1/2-1/2"]
[Annotator "TA"]
[ECO "C42"]
[WhiteElo "2803"]
[BlackElo "2802"]
[PlyCount "108"]
[EventDate "2025.03.02"]
[EventType "swiss"]
[EventCountry "USA"]
[SourceTitle "playchess.com"]
[Source "ChessBase"]
[SourceQuality "1"]
[TimeControl "900+10"]

1. e4 e5 2. Nf3 Nf6 3. Nxe5 Nxe4 4. Qe2 Qe7 5. Qxe4 d6 6. d4 dxe5 7. dxe5 Nc6 {[%emt 0:00:01] C42: Petroff Defence: 3 Nxe5 and unusual White 3rd moves.} 8. Nc3 Qxe5 9. Qxe5+ Nxe5 {[%emt 0:00:01] White is slightly better.} 10. Nb5 Bd6 11. Nxd6+ cxd6 12. Be3 Be6 13. O-O-O Ke7 14. b3 a6 $146 (14... f6 15. h3 Rhc8 16. Kb2 Bf5 17. Rd2 g5 18. Be2 Rc6 19. Bd4 Rac8 20. c3 Kf7 {½-½ Warmerdam,M (2562)-Akhvlediani,I (2359) Braganca op 2nd 2021 (9)}) 15. h3 h5 16. g3 (16. f4 Nc6 17. Be2) 16... Rhd8 (16... Rac8 $142) 17. Bg2 Rd7 18. f4 Nc6 19. Bf3 Rh8 20. g4 hxg4 21. hxg4 Rxh1 22. Rxh1 {[%emt 0:00:02] Black must now prevent f5.} g6 23. Kb2 Rc7 24. Bb6 Rc8 25. c4 g5 26. f5 Ne5 27. Be2 {[%emt 0:03:11] A strong pair of Bishops.} ({But not} 27. Bxb7 Rb8 28. Be4 (28. fxe6 Rxb7 29. Bd4 Nxc4+ 30. Kc3 Na3 $14) 28... Rxb6 $11) 27... Bd7 28. Rh5 f6 29. Rh7+ Kf8 {[%emt 0:00:02] [#]} 30. Rh8+ $1 Ke7 31. Rxc8 Bxc8 $16 {[%emt 0:00:01][%mdl 4096] Endgame [#] KBB-KBN} 32. b4 $1 Nd7 33. Bc7 b6 34. Kc3 {[%emt 0:00:27] White is more active.} Bb7 35. a4 Bc6 36. b5 Bb7 37. a5 ({White should play} 37. Kd4 $16) 37... bxa5 $11 38. Bxa5 Ne5 39. Kd4 Kd7 {[%emt 0:00:02] The position is equal.} 40. Bd1 Nf3+ 41. Ke3 Ne5 42. Be2 axb5 $1 43. cxb5 Bg2 44. Bc3 Kc7 45. Bd4 Bd5 46. Kf2 Be4 47. Kg3 Bd5 48. Bd1 Kb7 49. Ba4 Bc4 50. b6 Bd5 51. Bd1 Kc6 52. Ba4+ Kb7 53. Bd1 Kc6 54. Ba4+ Kb7 {[%emt 0:00:01] Weighted Error Value: White=0.08 (flawless) /Black=0.05 (flawless)   Mistake:       	White=2     	Black=1      Inaccurate:     	White=1     	Black=4      OK:         	White=15    	Black=22     Best:        	---       	Black=3      Strong:       	White=2     	Black=1} 1/2-1/2

[Event "Champions Showdown Kings 2025"]
[Site "Saint Louis"]
[Date "2025.03.04"]
[Round "1.2"]
[White "So, Wesley"]
[Black "Aronian, Levon"]
[Result "1-0"]
[Annotator "TA"]
[ECO "E46"]
[WhiteElo "2747"]
[BlackElo "2745"]
[PlyCount "97"]
[EventDate "2025.03.02"]
[EventType "swiss"]
[EventCountry "USA"]
[SourceTitle "playchess.com"]
[Source "ChessBase"]
[SourceQuality "1"]
[TimeControl "900+10"]

1. d4 Nf6 2. c4 e6 3. Nc3 Bb4 4. e3 O-O 5. Bd2 c5 6. a3 {[%emt 0:00:03] E46: Nimzo-Indian: Rubinstein: 4 e3 0-0 5 Ne2 without early Bd3.} Bxc3 7. Bxc3 Ne4 8. Ne2 {[%emt 0:00:05] The position is equal.} d6 (8... b6 9. d5 d6 10. Rc1 e5 11. Ng3 Nxc3 12. Rxc3 f5 13. Bd3 e4 14. Bc2 Nd7 15. O-O Ne5 16. b4 Rf6 {0-1 So,W (2778)-Aronian,L (2785) American Cup Elim rapid 2022 (2.2)}) 9. f3 $5 {[%emt 0:01:29][%mdl 4] Leaves trodden paths.} Nxc3 10. Nxc3 cxd4 $146 ({Predecessor:} 10... Nc6 11. d5 exd5 12. cxd5 Ne5 13. Be2 f5 14. O-O f4 15. exf4 Rxf4 16. g3 Rd4 {0-1 Baches Garcia,G (2318)-Deac,B (2692) Titled Tuesday intern op 04th Feb Late blitz 2025 (1)}) 11. Qxd4 Nc6 12. Qd2 Qe7 13. Be2 b6 14. O-O Bb7 15. Rfd1 Rfd8 16. b4 h6 17. Rac1 a5 18. b5 Ne5 19. Na4 Qg5 $2 {[%emt 0:00:08] This move loses the game for Black.} (19... d5 $16) 20. e4 $18 (20. Nxb6 Bxf3 (20... Nxf3+ 21. Bxf3 Bxf3 22. h4 $16) 21. g3 Qh5 $19 (21... Rab8 $2 22. Na4 $19)) 20... Nd7 $2 (20... Qxd2 21. Rxd2 d5 22. Nxb6 dxe4 23. Rxd8+ Rxd8) 21. Qxg5 (21. Qxd6 Nc5 22. Qxb6 Nxa4 23. Qxb7 Qe3+ 24. Kf1 Nc3 25. Rxc3 (25. Rxd8+ Rxd8 26. Rxc3 Qxc3 $19) 25... Qxc3 $15) 21... hxg5 22. Rxd6 Nc5 23. Rxb6 Nxa4 24. Rxb7 Nc5 25. Rc7 Rdc8 26. Rxc8+ Rxc8 {[%emt 0:00:01][%mdl 4096] Endgame KRB-KRN. White is two pawns up.} 27. Rd1 Kf8 28. Kf2 Ke7 29. Ke3 f6 30. g3 Rh8 31. Rh1 (31. Kd4 Nb3+ 32. Ke3 (32. Kc3 Nc5 $18) 32... Rxh2 $14) 31... Kd6 32. h4 gxh4 33. Rxh4 Rxh4 (33... Rg8 {keeps fighting.} 34. Rh7 Nd7) 34. gxh4 {[%emt 0:00:02] KB-KN. White is two pawns up.} e5 35. f4 Ne6 36. fxe5+ fxe5 37. Kf3 Nd4+ {[%emt 0:04:24] [#]} 38. Kf2 $1 Kc5 39. Bd3 Ne6 40. Kg3 Kd4 41. Bb1 Nc5 42. b6 {[%emt 0:00:02] Black must now prevent Kg4.} Kxc4 43. Kg4 Kb3 $2 (43... Kb5 44. Kf5 Kxb6 45. Kxe5 Kc6) 44. Kf5 {[%emt 0:00:02] White is clearly winning.} Kxa3 45. Kg6 ({Not} 45. Kxe5 Nd7+ 46. Kd6 Nxb6 $16) 45... Kb2 {[%emt 0:00:13] [#]} 46. Bd3 $1 a4 (46... Kc1 47. Bb5) 47. Bc4 a3 48. Kxg7 Kc3 49. Bg8 {[%emt 0:00:45] Weighted Error Value: White=0.09 (flawless) /Black=0.40  Loses game:     	---       	Black=1      Mistake:       	---       	Black=3      Inaccurate:     	White=2     	Black=5      OK:         	White=13    	Black=13     Best:        	White=4     	Black=1} 1-0

[Event "Champions Showdown Kings 2025"]
[Site "Saint Louis"]
[Date "2025.03.04"]
[Round "1.2"]
[White "Dominguez Perez, Leinier"]
[Black "Robson, Ray"]
[Result "1/2-1/2"]
[Annotator "TA"]
[ECO "B90"]
[WhiteElo "2741"]
[BlackElo "2689"]
[PlyCount "90"]
[EventDate "2025.03.02"]
[EventType "swiss"]
[EventCountry "USA"]
[SourceTitle "playchess.com"]
[Source "ChessBase"]
[SourceQuality "1"]
[TimeControl "900+10"]

1. e4 c5 2. Nf3 d6 3. d4 cxd4 4. Nxd4 Nf6 5. Nc3 a6 6. Be3 e5 7. Nf3 Be7 8. Bc4 Be6 9. Bb3 O-O 10. O-O Qc8 {[%emt 0:05:56] The modern move. B90: Sicilian Najdorf: Unusual White 6th moves, 6 Be3 Ng4 and 6 Be3 e5.} 11. Qe2 b5 12. Rfd1 Nbd7 13. Bg5 Ra7 $146 (13... Bc4 14. Bxc4 Qxc4 15. Qxc4 bxc4 16. Bxf6 Nxf6 17. Nd5 Nxd5 18. Rxd5 Rab8 19. b3 Rfc8 {½-½ Guliyev,N (2552)-Ziska,H (2533) FRA-ch blitz final 2019 (1.2)}) 14. Nd5 Bxd5 15. Bxd5 Nxd5 16. Rxd5 Nb6 {[%emt 0:00:21] [#] ...Bxg5 is the strong threat.} 17. Rd3 Bxg5 18. Nxg5 f6 19. Nf3 (19. Rxd6 $2 {perishes.} Nc4 20. Rd3 fxg5 $19) 19... Rd7 20. Rad1 Rfd8 21. Nh4 d5 22. exd5 Rxd5 23. Rxd5 Rxd5 24. Rxd5 Nxd5 $11 {[%emt 0:00:02][%mdl 4096] Endgame KQN-KQN} 25. Qe4 Qc5 26. Nf5 {[%emt 0:00:28][%cal Oe4d5] [#]} Kf8 27. Ne3 Nxe3 28. fxe3 {[%emt 0:00:02] KQ-KQ} Qd6 29. h3 g6 30. Qb7 Qc5 31. Qe4 Qd6 32. Kh2 {[%emt 0:00:01] The position is equal.} f5 33. Qb7 e4+ 34. Kh1 Qd1+ 35. Kh2 Qd6+ 36. Kh1 Qc5 37. Qxh7 Qxe3 38. Qxg6 f4 39. Kh2 f3 40. gxf3 (40. Qxa6 Qf4+ 41. Kg1 Qc1+ 42. Kh2 Qxc2 43. Qf6+ Ke8 44. Qe6+ Kd8 45. Qd6+ Ke8 46. Qe6+ Kd8 47. Qd5+ Ke7 48. Qe5+ Kf7 49. Qf5+ Ke7 50. Qe5+ Kf7 51. Qf5+ Ke7 52. Qe5+) 40... Qe2+ 41. Kg1 Qe1+ 42. Kh2 Qe2+ 43. Kg1 $1 Qe1+ 44. Kh2 Qe2+ 45. Kg1 {[%emt 0:00:13] Hoping for Qf5+.} Qe1+ {[%emt 0:00:04] Not much happened in this game.   Weighted Error Value: White=0.04 (flawless) /Black=0.04 (flawless)   Inaccurate:     	White=1     	Black=1      OK:         	White=12    	Black=14     Strong:       	White=1     	---} 1/2-1/2

[Event "Champions Showdown Kings 2025"]
[Site "Saint Louis"]
[Date "2025.03.04"]
[Round "1.3"]
[White "Nakamura, Hikaru"]
[Black "Caruana, Fabiano"]
[Result "0-1"]
[Annotator "TA"]
[ECO "A01"]
[WhiteElo "2802"]
[BlackElo "2803"]
[PlyCount "126"]
[EventDate "2025.03.02"]
[EventType "swiss"]
[EventCountry "USA"]
[SourceTitle "playchess.com"]
[Source "ChessBase"]
[SourceQuality "1"]
[TimeControl "3600+15"]

1. b3 d5 2. Bb2 Bg4 3. h3 Bh5 4. g3 c5 5. Bg2 Nc6 6. Nf3 {[%emt 0:00:11] A01: Nimzowitsch-Larsen Opening.} Nf6 7. Ne5 Nxe5 8. Bxe5 {[%emt 0:00:18] The position is equal.} e6 9. c4 $146 (9. O-O Bd6 10. Bxd6 Qxd6 11. c4 Rd8 12. Nc3 d4 13. Nb5 Qb8 14. d3 O-O 15. Qd2 {½-½ Orban,L-Pal,F (2020) HUN-chT2 Barcza 0506 2005 (7)}) 9... Be7 10. cxd5 exd5 11. d4 O-O 12. O-O (12. Nc3 $142) 12... Ne4 $11 13. g4 Bg6 14. f3 Ng5 15. Nc3 Rc8 16. Kh1 Re8 17. f4 $1 Ne4 18. Nxe4 (18. Bxe4 Bxe4+ 19. Nxe4 dxe4 20. dxc5 Rxc5 21. Qxd8 Rxd8 22. Rfd1) 18... Bxe4 19. Bxe4 dxe4 20. dxc5 Bxc5 (20... Rxc5 {simplifies} 21. Qxd8 Rxd8 22. Rfd1 Rc2) 21. Rc1 (21. Qxd8 $1 $11 Rexd8 22. g5) 21... Qh4 $15 22. Kg2 Red8 23. Qe1 Qxe1 24. Rfxe1 f6 $36 {[%emt 0:00:02][%mdl 2048] Black is on the roll.} 25. Bb2 Be3 $1 26. Rc4 (26. Rxc8 Rxc8 27. Rd1 Rc2 $19 (27... Bxf4 $2 28. Kf2 $19)) 26... Rxc4 (26... Bxf4 27. Rxe4 Bd2 28. Rd1 $15) 27. bxc4 Bxf4 $17 {[%emt 0:00:15][%mdl 4096] Endgame KRB-KRB. Black is a pawn up.} 28. Bc1 {[%emt 0:00:00] Inhibits Be3.} Bd2 {[%emt 0:06:26] Black is more active.} 29. Rd1 {[%emt 0:00:52] [#]} e3 30. Kf3 Kf7 31. Ba3 b6 {[%emt 0:01:28] Dodges Bc5} 32. c5 b5 33. c6 (33. Rb1 $17 {was worth a try.} a6 34. Ke4) 33... Rc8 $19 34. Bc5 a6 (34... Rxc6 35. Bxa7 b4 36. Bxe3 Bxe3 37. Kxe3 $15) 35. Bxe3 Bxe3 {[%emt 0:00:02] KRB-KR} 36. Rd7+ Kg6 37. Kxe3 Rxc6 {[%emt 0:00:01] KR-KR. Black is a pawn up.} 38. Rd3 h5 39. Kf3 h4 40. Ra3 (40. Rb3 $142) 40... b4 41. Ra4 {[%emt 0:00:48] [#]} Rc3+ $1 42. e3 Rc2 43. Rxb4 $2 (43. Rxa6 {only move.} Rh2 44. Kf4) 43... Rxa2 44. Rb6 a5 45. Ra6 a4 46. Kf4 a3 $2 ({Black should play} 46... Rf2+ $19 47. Ke4 Ra2) 47. g5 $11 Rf2+ 48. Kg4 Rg2+ 49. Kxh4 Rxg5 {[%emt 0:00:01] ( -> ...Rg2)} 50. Rxa3 Rg1 {[%emt 0:00:04] ( -> ...Kh6)} 51. Ra5 Kf7 52. e4 Ke6 53. Kh5 Kf7 54. Kh4 Rg2 55. Rb5 Kg6 56. Ra5 Kf7 57. Rb5 g5+ 58. Kh5 Rg3 59. Rb7+ Ke6 60. Kg6 Rxh3 61. Rb6+ Ke5 {[%emt 0:00:01] and ...g4 would now be decisive} 62. Rxf6 $2 (62. Rb5+ $11 Kf4 63. Kxf6) 62... g4 (62... Kxe4 63. Kxg5 Rh8 64. Rg6 $11) 63. Rf1 g3 {[%emt 0:01:04] Weighted Error Value: White=0.28 (precise) /Black=0.14 (very precise)   Loses game:     	White=1     	---        Missed win:     	---       	Black=1      Mistake:       	White=5     	---        Inaccurate:     	White=1     	Black=2      OK:         	White=23    	Black=26     Best:        	White=7     	Black=4      Strong:       	White=1     	Black=2} ({Inferior is} 63... Kxe4 64. Kg5 $11) 0-1